 Dungeon Crawl Stone Soup version 0.30-a0-760-g5a9884bb7c (webtiles) character file.

Game seed: 5621741478025516387

1289 boo the Cleaver (level 8, -2/71 HPs)
             Began as a Hill Orc Fighter on Feb 10, 2023.
             Was an Initiate of Okawaru.
             Slain by a killer bee (3 damage)
             ... on level 6 of the Dungeon.
             The game lasted 00:06:53 (6152 turns).

boo the Cleaver (Hill Orc Fighter)                  Turns: 6152, Time: 00:06:54

Health: -2/71      AC: 16    Str: 21    XL:     8   Next: 55%
Magic:  8/8        EV:  6    Int:  8    God:    Okawaru [......]
Gold:   286        SH:  5    Dex: 10    Spells: 7/7 levels left

rFire   . . .      SeeInvis .    a - +0 war axe
rCold   . . .      Faith    .    c - +0 buckler
rNeg    . . .      Spirit   .    i - +0 plate armour
rPois   .          Reflect  .    z - +1 hat
rElec   .          Harm     .    n - +0 cloak
rCorr   .          Rampage  .    y - +0 pair of gloves
Will    +....                    (no boots) Stlth
                                 (no amulet)
HPRegen 0.31/turn                m - ring of willpower
MPRegen 0.11/turn                (no ring)

@: no status effects
A: no striking features
a: Renounce Religion


You were on level 6 of the Dungeon.
You worshipped Okawaru.
Okawaru was noncommittal.
You visited 2 branches of the dungeon, and saw 7 of its levels.
You also visited: Sewer.

You collected 286 gold pieces.

Inventory:

Hand Weapons
 a - a +0 war axe (weapon)
Armour
 c - a +0 buckler (worn)
 i - a +0 plate armour (worn)
 n - a +0 cloak (worn)
 y - a +0 pair of gloves (worn)
 z - a +1 hat (worn)
Jewellery
 m - a ring of willpower (left hand)
 B - an amulet of faith
Wands
 g - a wand of flame (39)
Scrolls
 b - 2 scrolls of enchant weapon
 e - a scroll of silence
 f - 2 scrolls of brand weapon
 j - a scroll of vulnerability {unknown}
 s - a scroll of fear
 t - 3 scrolls of teleportation {unknown}
 u - 2 scrolls of noise {unknown}
 A - a scroll of torment {unknown}
 D - a scroll of magic mapping {unknown}
Potions
 d - 4 potions of might
 h - 2 potions of lignification
 k - 2 potions of heal wounds {unknown}
 l - 2 potions of flight {unknown}
 o - a potion of magic {unknown}
 p - a potion of attraction {unknown}
 q - a potion of curing {unknown}
 r - 2 potions of berserk rage {unknown}
 v - 2 potions of haste {unknown}
 w - a potion of resistance {unknown}
 x - a potion of experience {unknown}
 C - a potion of mutation {unknown}
 E - a potion of brilliance {unknown}


   Skills:
 + Level 6.7 Fighting
 * Level 9.2 Axes
 + Level 6.1 Armour
 - Level 5.0 Shields


You had 7 spell levels left.
You didn't know any spells.
Your spell library contained the following spells:

 Spells                   Type           Power      Damage    Failure   Level
 Foxfire                  Conj/Fire      0%         2x1d4     100%        1
 Scorch                   Fire           0%         2d5       100%        2
 Cause Fear               Hex            0%         N/A       100%        4
 Flame Wave               Conj/Fire      0%         2d4       100%        4
 Fireball                 Conj/Fire      0%         3d3       100%        5
 Starburst                Conj/Fire      0%         6d3       100%        6
 Dragon Form              Tmut           0%         N/A       100%        7
 Summon Cactus Giant      Summ           Unusable   N/A       N/A         6
 Dragon's Call            Summ           Unusable   N/A       N/A         9

Dungeon Overview and Level Annotations

Branches:
Dungeon (6/15)             Temple (1/1) D:6           Sewer (visited)

Altars:
Ashenzari
Cheibriados
Dithmenos
Elyvilon
Fedhas
Gozag
Hepliaklqana
Kikubaaqudgha
Makhleb
Nemelex Xobeh
Okawaru
Qazlal
Ru
Sif Muna
Trog
Uskayaw
Yredelemnul
Zin
The Shining One

Shops:
D:4 :


Message History

The killer bee stings you but does no damage.
You block the killer bee's attack.
You miss the killer bee.
The killer bee is severely wounded.
* * * LOW HITPOINT WARNING * * *
You feel sick. The killer bee completely misses you.
You block the killer bee's attack. The killer bee barely misses you.
You barely miss the killer bee.
The killer bee is severely wounded.
* * * LOW HITPOINT WARNING * * *
You feel sick. The killer bee barely misses you.
The killer bee stings you but does no damage.
You closely miss the killer bee.
The killer bee is severely wounded.
You feel sick.
The killer bee stings you but does no damage.
The killer bee closely misses you.
You miss the killer bee.
The killer bee is severely wounded.
You feel sick.
The killer bee stings you but does no damage.
The killer bee stings you.
* * * LOW HITPOINT WARNING * * *
You barely miss the killer bee.
The killer bee is severely wounded.
* * * LOW HITPOINT WARNING * * *
You feel sick.
The killer bee stings you but does no damage. x3
You miss the killer bee.
The killer bee is severely wounded.
* * * LOW HITPOINT WARNING * * *
You feel sick.
You are no longer poisoned.
You block the killer bee's attack.
The killer bee stings you but does no damage.
You slash the killer bee!
You kill the killer bee!
Okawaru accepts your kill. The killer bee stings you.
You die...

# #.# ##.## ##.##
## # ##.####.##
##.# .#
###.../.)..##
##.## #.##
............###)##
...#
##.#########.#.##
###...### ...#
##..# #.y.....#
#### ##.#
#.......# #
#.####y......#
#..@y.y....###
#.######...# #.#
##.# #.# # #.# #.#
#.# #.#


You could see 3 killer bees.

Vanquished Creatures
  Grinder (D:3)
  An orc warrior (D:6)
  2 ogres (D:5)
  A phantom (D:5)
  A kobold brigand (D:5)
  A killer bee (D:6)
  4 hounds
  Crazy Yiuf (D:5)
  4 jellies
  2 orc priests
  3 orc wizards
  2 iguanas
  Robin (D:3)
  3 adders
  2 river rats
  An ufetubus (D:5)
  7 worms
  4 dart slugs
  19 orcs
  9 ball pythons
  3 bats
  15 endoplasms
  4 giant cockroaches
  8 goblins
  4 hobgoblins
  2 jackals (D:5)
  4 quokkas
  6 frilled lizards
  6 kobolds
  4 rats
125 creatures vanquished.

Notes
Turn   | Place    | Note
-------+----------+-------------------------------------------
     0 | D:1      | boo the Hill Orc Fighter began the quest for the Orb.
     0 | D:1      | Reached XP level 1. HP: 19/19 MP: 1/1
   246 | D:1      | Reached skill level 3 in Axes
   375 | D:1      | Reached XP level 2. HP: 16/27 MP: 2/2
  1173 | D:2      | Reached XP level 3. HP: 25/33 MP: 3/3
  1469 | D:2      | Found an ancient bone altar of Kikubaaqudgha.
  2148 | D:3      | Noticed Robin
  2151 | D:3      | Reached skill level 4 in Axes
  2160 | D:3      | Killed Robin
  2161 | D:3      | Reached XP level 4. HP: 34/40 MP: 4/4
  2294 | D:3      | Found a white marble altar of Elyvilon.
  2425 | D:3      | Found a glowing drain.
  2459 | Sewer    | Entered a sewer
  2638 | Sewer    | Reached XP level 5. HP: 24/47 MP: 5/5
  2907 | Sewer    | Found a viscous altar of Jiyva.
  3033 | Sewer    | Reached skill level 5 in Axes
  3197 | D:3      | Noticed Grinder
  3211 | D:3      | Killed Grinder
  3212 | D:3      | Reached skill level 5 in Fighting
  3212 | D:3      | Reached skill level 6 in Axes
  3212 | D:3      | Reached XP level 6. HP: 56/56 MP: 6/6
  3361 | D:3      | Found a burning altar of Makhleb.
  3620 | D:4      | Reached XP level 7. HP: 45/61 MP: 7/7
  3736 | D:4      | Found an ancient bone altar of Kikubaaqudgha.
  3916 | D:4      | Found a shadowy altar of Dithmenos.
  3926 | D:4      | Reached skill level 5 in Armour
  4036 | D:4      | Found Diacaola's Book Shop.
  4220 | D:4      | Found a snail-covered altar of Cheibriados.
  4223 | D:4      | Found a broken altar of Ashenzari.
  4226 | D:4      | Found a sacrificial altar of Ru.
  4229 | D:4      | Found a bloodstained altar of Trog.
  4408 | D:5      | Entered Level 5 of the Dungeon
  4421 | D:5      | Reached skill level 7 in Axes
  4421 | D:5      | Reached skill level 5 in Shields
  4916 | D:5      | Reached skill level 8 in Axes
  4916 | D:5      | Reached XP level 8. HP: 37/70 MP: 8/8
  5473 | D:5      | Found a runed translucent door.
  5474 | D:5      | Noticed Crazy Yiuf
  5684 | D:5      | Killed Crazy Yiuf
  5806 | D:6      | Reached skill level 9 in Axes
  5930 | D:6      | Found a staircase to the Ecumenical Temple.
  6009 | Temple   | Entered the Ecumenical Temple
  6016 | Temple   | Became a worshipper of Warmaster Okawaru
  6149 | D:6      | HP: 3/71 [poisoned by a killer bee]
  6151 | D:6      | HP: 1/71 [poisoned by a killer bee]
  6152 | D:6      | Slain by a killer bee

Illustrated notes

Levels and vault maps discovered:
D:1:      nicolae_arrival_washed_ashore, layout_basic, hangedman_decor_opposing,
          chequers_serial_rivers_micro_d
D:2:      layout_loops_corners, basic_altar
D:3:      layout_loops_ring, general_overflow_altar, elyvilon_altar_1,
          cheibrodos_sewer_entry_sluice, uniq_grinder, uniq_robin
D:4:      layout_gridville, kennysheep_mini_moat, mainiacjoe_overflow_boulevard,
          grunt_temple_overflow_cloverleaf, serial_shops, shop
D:5:      cheibrodos_quashed, layout_loops_ring, uniq_crazy_yiuf_cottage
D:6:      layout_loops_ring, minmay_temple_entry_grid
Temple:   minmay_freezing_vapour_temple

Skill      XL: |  1  2  3  4  5  6  7  8 |
---------------+-------------------------+-----
Axes           | 3 4 6 8 9 |  9.2
Fighting       | 4 5 6 |  6.7
Armour         | 4 5 6 |  6.1
Shields        | 4 5 |  5.0

Action                     |  1- 3 |  4- 6 |  7- 9 || total
---------------------------+-------+-------+-------++-------
  Melee: War axe           |    88 |   126 |   196 ||   410
    Use: Scroll            |     4 |       |     2 ||     6
 Armour: Plate armour      |    55 |    78 |   143 ||   276
         Scale mail        |     5 |       |       ||     5
  Dodge: Dodged            |    19 |    23 |    66 ||   108
  Block: Buckler           |    22 |    38 |    48 ||   108

Table legend: (Time is in decaauts)
 A = Elapsed time spent in this place.
 B = Non-inter-level travel time spent in this place.
 C = Inter-level travel time spent in this place.
 D = Time resting spent in this place.
 E = Time spent auto-exploring this place.
 F = Levels seen in this place.
 G = Mean time per level.
                   A        B        C        D        E       F      G
               +--------+--------+--------+--------+--------+-----+--------+
         Total |   6284 |   6112 |    172 |   1195 |   3918 |   8 |  785.5 |
       Dungeon |   5568 |   5396 |    172 |    932 |   3671 |   6 |  928.0 |
        Temple |     12 |     12 |      0 |      0 |      0 |   1 |   12.0 |
         Sewer |    703 |    703 |      0 |    263 |    246 |   1 |  703.0 |
               +--------+--------+--------+--------+--------+-----+--------+

Top non-repeatable levels by time:
     D:5: 1294 daAuts
     D:1: 1116 daAuts
     D:2: 979 daAuts
     D:4: 939 daAuts
     D:3: 875 daAuts
   Sewer: 703 daAuts
     D:6: 362 daAuts
  Temple: 12 daAuts
